 Dungeon Crawl Stone Soup version 0.27.1-33-g824d729ab1 (webtiles) character file.

Game seed: 15320254061818634688

7203 zeram the Blocker (level 11, 0/68 HPs)
             Began as a Gargoyle Fighter on Dec 14, 2021.
             Was an Initiate of Gozag.
             Slain by a yak (7 damage)
             ... on level 8 of the Dungeon.
             The game lasted 00:22:20 (11024 turns).

zeram the Blocker (Gargoyle Fighter)               Turns: 11024, Time: 00:22:22

Health: 0/68       AC: 27    Str: 23    XL:     11   Next: 11%
Magic:  11/11      EV:  7    Int:  6    God:    Gozag
Gold:   2359       SH: 13    Dex:  7    Spells: 10/10 levels left

rFire    . . .     SeeInvis +   v - +5 trident of Ruac {vamp, rPois Int-3 SInv}
rCold    . . .     Faith    .   c - +1 kite shield
rNeg     + + .     Spirit   .   x - +0 plate armour
rPois    ∞         Reflect  .   (no helmet)
rElec    +         Harm     .   y - +2 cloak {Will+}
rCorr    .         Rampage  .   (no gloves)
Will     +....                  o - +0 pair of boots
Stlth    ..........             e - amulet of the acrobat
HPRegen  0.21/turn              f - ring of positive energy
MPRegen  0.12/turn              (no ring)

@: gold aura, hasted, very quick
A: sickness immunity, AC +8, negative energy resistance 1, electricity
resistance, torment resistance 1, petrification resistance, clumsy 1
a: Renounce Religion, Potion Petition, Call Merchant, Bribe Branch


You were on level 8 of the Dungeon.
You worshipped Gozag.
Gozag was most pleased with you.
You visited 1 branch of the dungeon, and saw 8 of its levels.
You also visited: Sewer.

You collected 3639 gold pieces.
You spent 495 gold pieces at shops.
You paid 785 gold pieces to Gozag.

Inventory:

Hand Weapons
 a - a +1 flail
 q - a +4 flail of freezing
 u - the +7 mace of Zeaddim {vorpal, *Rage rC+ Str+2 Int+4}
   (You bought it in a shop on level 7 of the Dungeon)

   It inflicts extra damage upon your enemies.
   Str:       It affects your strength (+2).
   Int:       It affects your intelligence (+4).
   rC:        It protects you from cold.
   *Rage:     It may make you go berserk in combat.
 v - the +5 trident of Ruac (weapon) {vamp, rPois Int-3 SInv}
   (You bought it in a shop on level 7 of the Dungeon)

   It occasionally heals its wielder for a portion of the damage dealt when it
   wounds a living foe.
   Int:       It affects your intelligence (-3).
   rPois:     It protects you from poison.
   SInv:      It lets you see invisible.
Missiles
 l - 5 curare-tipped darts (quivered)
 r - a throwing net
Armour
 b - a +0 scale mail
 c - a +1 kite shield (worn)
 k - a +1 cloak
 o - a +0 pair of boots (worn)
 x - a +0 plate armour (worn)
 y - a +2 cloak of willpower (worn)
Jewellery
 e - an amulet of the acrobat (around neck)
 f - a ring of positive energy (left hand)
 h - a ring of ice
Wands
 g - a wand of mindburst (9)
 p - a wand of iceblast (15)
Scrolls
 d - a scroll of fog
 n - 2 scrolls of magic mapping
Potions
 j - 2 potions of degeneration
 m - a potion of resistance


   Skills:
 + Level 8.1 Fighting
 - Level 2.0 Maces & Flails
 + Level 5.7 Polearms
 + Level 9.5 Armour
 + Level 4.8 Dodging
 + Level 11.0 Shields


You had 10 spell levels left.
You didn't know any spells.
Your spell library contained the following spells:

 Spells                   Type           Power      Damage    Failure   Level
 Passwall                 Tmut/Erth      0%         N/A       100%        2
 Dazzling Flash           Conj/Hex       0%         N/A       100%        3
 Swiftness                Air            0%         N/A       100%        3
 Iskenderun's Mystic Bla  Conj/Tloc      0%         2d3       100%        4
 Invisibility             Hex            0%         N/A       100%        6
 Starburst                Conj/Fire      0%         6d3       100%        6


Dungeon Overview and Level Annotations

Branches:
Dungeon (8/15)             Temple (0/1) D:5           Sewer (visited)
   Lair: D:8-11

Altars:
Elyvilon
Gozag
Ru
Uskayaw
Wu Jian
Zin
The Shining One

Shops:
D:7 (

Annotations:
D:8 Grum, Joseph, Psyche


Innate Abilities, Weirdness & Mutations

You are immune to sickness and miasma.
Your stone body is resilient. (AC +8)
You are immune to poison.
You resist negative energy. (rN+)
You are resistant to electric shocks. (rElec)
You are resistant to unholy torment.
You are immune to petrification.
You are clumsy. (Dex -2)


Message History

The wolf barely misses you. You block the yak's attack.
You block Grum's attack. The wight closely misses you.
You block the yak's attack.
The wolf is distracted by your dazzling golden aura.
Unknown command.
The wolf howls!
You hit the wight.
The wight is moderately damaged.
You block the wolf's attack.
The bullfrog is distracted by your dazzling golden aura.
The yak barely misses you. You block Grum's attack.
The yak gores you but does no damage. The wolf barely misses you.
The wight is distracted by your dazzling golden aura.
The bullfrog croaks.
You hit the wight.
The wight is no longer distracted by gold.
The wight is moderately damaged.
The yak is no longer distracted by gold.
The wight is no longer distracted by gold.
The wight is distracted by your dazzling golden aura.
The wolf bites you but does no damage. The yak gores you but does no damage.
You puncture the wight!
You destroy the wight!
You block the wolf's attack. Grum barely misses you. The yak gores you.
* * * LOW HITPOINT WARNING * * *
Unknown command.
Unknown command.
You puncture the yak!
The yak is moderately wounded.
The bullfrog is no longer distracted by gold.
You block the wolf's attack. You block the yak's attack.
Grum stares intently and barks.
Grum barely misses you.
Psyche gestures wildly while chanting.
A swirling arc of seething chaos appears!
The arc of chaos hits the wolf.
The wolf is devoured by a tear in reality.
The arc of chaos hits Grum.
The yak gores you!
You die...
Your body crumbles into a pile of gold.

######### ##.......### #......
#.......zYY# ##.......
#......zh@# ##........ .
#.....o@Y## #....<....
..#######....hFg#####.........
...............§.h............
#..?...........@...............?.
#......############..............
#.......## ##)..............
#........## #..<.........o...
#.........## ##................


You could see Joseph, Psyche, Grum, 3 yaks, 2 wolves, a bullfrog, 2 wights and
an orc.

Vanquished Creatures
  A hydra (D:7)
  Harold (D:8)
  A two-headed ogre (D:8)
  An ugly thing (D:7)
  A manticore (D:7)
  A hornet (D:7)
  A slime creature (D:7)
  Sigmund (D:5)
  A wyvern (D:7)
  A wraith (D:7)
  A steam dragon (D:6)
  Edmund (D:6)
  2 water moccasins
  The ghost of Flarelocke the Sneak, an amateur SpEn (D:3)
  An orc warrior (D:7)
  2 sky beasts (D:6)
  2 necrophages
  5 centaurs
  3 ogres
  2 phantoms
  3 bullfrogs
  4 scorpions
  A wyvern skeleton (D:3)
  2 wyvern zombies
  2 water moccasin skeletons
  8 wights
  A bullfrog zombie (D:7)
  A centaur zombie (D:7)
  4 hounds
  4 orc priests
  A jelly (D:7)
  A centaur skeleton (D:3)
  A bullfrog skeleton (D:7)
  3 iguanas
  5 orc wizards
  A killer bee zombie (D:6)
  7 gnolls
  14 adders
  2 shadow imps (D:7)
  3 worms
  4 dart slugs
  11 orcs
  16 ball pythons
  19 bats
  13 endoplasms
  16 giant cockroaches
  13 goblins
  9 hobgoblins
  8 kobolds
  15 quokkas
  20 frilled lizards
  6 rats
248 creatures vanquished.

Vanquished Creatures (others)
  A plant (D:7)
1 creature vanquished.

Grand Total: 249 creatures vanquished

Notes
Turn   | Place    | Note
-------+----------+-------------------------------------------
     0 | D:1      | zeram the Gargoyle Fighter began the quest for the Orb.
     0 | D:1      | Reached XP level 1. HP: 14/14 MP: 1/1
   137 | D:1      | Reached XP level 2. HP: 16/19 MP: 2/2
   566 | D:2      | Reached XP level 3. HP: 24/24 MP: 3/3
   589 | D:2      | Reached skill level 4 in Shields
  1138 | D:2      | Reached XP level 4. HP: 29/29 MP: 4/4
  1444 | D:2      | Identified 3 scrolls of acquirement
  1444 | D:2      | Acquired 847 gold pieces
  1920 | D:3      | Found a glowing drain.
  1930 | Sewer    | Entered a sewer
  2208 | Sewer    | Reached XP level 5. HP: 30/33 MP: 5/5
  2268 | Sewer    | Reached skill level 1 in Dodging
  2653 | Sewer    | Reached skill level 5 in Shields
  3027 | Sewer    | Reached XP level 6. HP: 25/39 MP: 6/6
  3307 | D:3      | Found a white marble altar of Elyvilon.
  3307 | D:3      | Found a glowing golden altar of the Shining One.
  3307 | D:3      | Found a glowing silver altar of Zin.
  3460 | D:3      | Noticed a water moccasin
  3464 | D:3      | Found a transporter.
  3468 | D:3      | Found a transporter.
  3605 | D:3      | Found a runed translucent gate.
  3606 | D:3      | Found a runed translucent gate.
  3606 | D:3      | Found a runed translucent gate.
  3607 | D:3      | Noticed Flarelocke's ghost (amateur SpEn)
  3694 | D:3      | Found a faded altar of an unknown god.
  3748 | D:3      | Found an opulent altar of Gozag.
  3868 | D:3      | Acquired 991 gold pieces
  3872 | D:3      | Acquired 664 gold pieces
  3903 | D:3      | Killed Flarelocke's ghost
  3904 | D:3      | Reached skill level 5 in Armour
  3904 | D:3      | Reached skill level 6 in Shields
  3904 | D:3      | Reached XP level 7. HP: 33/44 MP: 7/7
  3908 | D:3      | Reached skill level 5 in Fighting
  4258 | D:3      | Became a worshipper of Gozag Ym Sagoz the Greedy
  4650 | D:4      | Reached XP level 8. HP: 41/49 MP: 8/8
  4745 | D:4      | Reached skill level 7 in Shields
  6311 | D:4      | Found an ornate altar of the Wu Jian Council.
  6374 | D:5      | Entered Level 5 of the Dungeon
  6581 | D:5      | Reached skill level 8 in Shields
  6992 | D:5      | Noticed Sigmund
  7008 | D:5      | Killed Sigmund
  7009 | D:5      | Reached XP level 9. HP: 55/55 MP: 9/9
  7093 | D:5      | Found a staircase to the Ecumenical Temple.
  8250 | D:6      | Reached skill level 9 in Shields
  8706 | D:6      | Noticed Edmund
  9095 | D:6      | Killed Edmund
  9374 | D:7      | Bought an encrusted mace for 240 gold pieces
  9374 | D:7      | Identified the +7 mace of Zeaddim {vorpal, *Rage rC+ Str+2
                  | Int+4} (You bought it in a shop on level 7 of the Dungeon)
  9379 | D:7      | Bought a twisted trident for 255 gold pieces
  9379 | D:7      | Identified the +5 trident of Ruac {vamp, rPois Int-3 SInv}
                  | (You bought it in a shop on level 7 of the Dungeon)
  9420 | D:7      | Noticed a manticore
  9448 | D:7      | Killed a manticore
  9449 | D:7      | Reached skill level 1 in Polearms
  9449 | D:7      | Reached skill level 10 in Shields
  9449 | D:7      | Reached XP level 10. HP: 59/63 MP: 10/10
  9923 | D:7      | Found a sacrificial altar of Ru.
 10478 | D:7      | Acquired a +2 cloak of willpower
 10533 | D:7      | Found a hide-covered altar of Uskayaw.
 10602 | D:7      | Noticed an eight-headed hydra
 10603 | D:7      | Noticed a purple ugly thing
 10635 | D:7      | Gained mutation: You are clumsy. (Dex -2) [potion of
                  | mutation]
 10635 | D:7      | Gained mutation: You tend to lose your temper in combat.
                  | [potion of mutation]
 10635 | D:7      | Lost mutation: You tend to lose your temper in combat.
                  | [potion of mutation]
 10638 | D:7      | Killed an eight-headed hydra
 10701 | D:7      | Killed a purple ugly thing
 10886 | D:8      | Noticed Harold
 10915 | D:8      | Killed Harold
 10938 | D:8      | Reached skill level 5 in Polearms
 10938 | D:8      | Noticed a two-headed ogre
 10985 | D:8      | Noticed Joseph
 10991 | D:8      | Noticed Grum
 10998 | D:8      | Noticed Psyche
 11006 | D:8      | Killed a two-headed ogre
 11007 | D:8      | Reached skill level 11 in Shields
 11007 | D:8      | Reached XP level 11. HP: 22/68 MP: 11/11
 11024 | D:8      | Slain by a yak

Illustrated notes

Levels and vault maps discovered:
D:1:      doesnt_arrival_eight_statues, layout_rooms
D:2:      layout_loops_ring, minmay_ruptured
D:3:      layout_basic, good_gods_mini_temple, gammafunk_temple_overflow_arena,
          shapermc_ecumenical_altar_mp_vishouse, gammafunk_ghost_necromancy,
          cheibrodos_sewer_entry_sluice, hangedman_decor_slide_cut,
          glass_columns_b, chequers_serial_rivers_marsh, st_stairs_10
D:4:      layout_layer_cave, nzn_wu_jian_contemplation
D:5:      layout_basic, minmay_temple_entry_offerings, roderic_batcave,
          eino_curves_04, uniq_sigmund
D:6:      layout_basic, roderic_lattice_a, hangedman_decor_clover_reticule,
          glass_columns_a, uniq_edmund
D:7:      nzn_winding_woodlands_three_and_one
          [nzn_winding_woodlands_5x15_pathside_ponds,
          nzn_winding_woodlands_5x15_crooked,
          nzn_winding_woodlands_5x15_river_crossing,
          nzn_winding_woodlands_center_triple_pond], layout_gridville,
          kennysheep_mini, kennysheep_mini_moat
D:8:      layout_cave_pods, minitemple, uniq_joseph, uniq_harold, uniq_psyche,
          uniq_grum

Skill      XL: |  1  2  3  4  5  6  7  8  9 10 |
---------------+-------------------------------+-----
Shields        | 4 5 6 8 10 11 | 11.0
Fighting       | 4 5 6 7 8 |  8.1
Armour         | 4 5 7 8 9 |  9.5
Dodging        | 1 2 3 4 |  4.8
Polearms       | 1 5 |  5.7
Maces & Flails | |  2.0

Action                   |  1- 3 |  4- 6 |  7- 9 | 10-12 || total
-------------------------+-------+-------+-------+-------++-------
Melee: Flail             |   111 |   438 |   451 |       ||  1000
       Trident           |       |       |    26 |   243 ||   269
Throw: Dart              |       |     3 |     3 |       ||     6
Invok: Call Merchant     |       |       |     1 |       ||     1
  Use: Scroll            |       |    13 |     3 |     4 ||    20
       Potion            |       |     2 |     6 |     6 ||    14
Armor: Scale mail        |    42 |   316 |   271 |    37 ||   666
       Plate armour      |       |       |       |   153 ||   153
Dodge: Dodged            |    41 |   256 |   212 |    97 ||   606
Block: Kite shield       |    72 |   389 |   359 |   230 ||  1050
